 Dungeon Crawl Stone Soup version 0.24.0-123-gd5b16e6ec5 (webtiles) character file.

Game seed: 9747271161232278298, levelgen mode: deterministic

166358 Peloso the Peltast (level 17, -9/158 HPs)
             Began as a Minotaur Fighter on Jan 8, 2020.
             Was the Champion of Okawaru.
             Engulfed by a red draconian's flame (16 damage)
             ... on level 2 of the Abyss.
             The game lasted 02:09:57 (35546 turns).

Peloso the Peltast (Minotaur Fighter)              Turns: 35546, Time: 02:09:57

Health: -9/158     AC: 23    Str: 36    XL:     17   Next: 29%
Magic:  28/28      EV: 18    Int:  8    God:    Okawaru [******]
Gold:   2460       SH: 30    Dex: 13    Spells: 16/16 levels left

rFire    . . .     SeeInvis +   a - +6 double sword "Puizeunn" {slice, rElec Str+5 Int+3}
rCold    + + .     Gourm    .   c - +9 shield of Indemnity {*Corrode rN+ MP+9 Stlth+}
rNeg     + . .     Faith    .   L - +5 ring mail of Wuhua {rElec Str+6 Stlth+}
rPois    .         Spirit   .   D - +1 hat {SInv}
rElec    +         Reflect  +   x - scarf {rC+ rF+}
rCorr    .         Harm     .   t - +2 pair of gloves {archery}
MR       +....                  u - +0 pair of boots
Stlth    ++++......             P - +4 amulet of reflection
HPRegen  0.36/turn              S - ring of ice
MPRegen  0.21/turn              G - +5 ring of protection

@: studying Axes, lightly drained
A: retaliatory headbutt, horns 2, blink, high mp 1
a: Blink, Heroism, Finesse, Renounce Religion


You were on level 2 of the Abyss.
You worshipped Okawaru.
Okawaru was exalted by your worship.
You were not hungry.

You visited 6 branches of the dungeon, and saw 30 of its levels.
You visited the Abyss 1 time.
You also visited: Bailey, Gauntlet, Ice Cave and Volcano.

You collected 2841 gold pieces.
You spent 381 gold pieces at shops.

Inventory:

Hand Weapons
 a - the +6 double sword "Puizeunn" (weapon) {slice, rElec Str+5 Int+3}
   (Okawaru gifted it to you on level 15 of the Dungeon)

   It inflicts extra damage upon your enemies.
   It affects your strength (+5).
   It affects your intelligence (+3).
   It insulates you from electricity.
 b - the +7 scimitar "Goblinslayer" {slice, rC+ Dex+3}
   (Okawaru gifted it to you on level 2 of the Orcish Mines)

   It inflicts extra damage upon your enemies.
   It affects your dexterity (+3).
   It protects you from cold.
 e - a +1 double sword of slicing
 v - a +2 scimitar of flaming
 z - the +4 battleaxe of the Goat {venom, Int+5, unknown}
   (You found it in an ice cave)

   It poisons the flesh of those it strikes.
   It affects your intelligence (+5).
Armour
 c - the +9 shield of Indemnity (worn) {*Corrode rN+ MP+9 Stlth+}
   (You found it on level 3 of the Spider Nest)

   It protects you from negative energy.
   It affects your magic capacity (+9).
   It may corrode you when you take damage.
   It makes you more stealthy.
 t - a +2 pair of gloves of archery (worn)
 u - a +0 pair of boots (worn)
 x - a scarf of resistance (worn)
 D - a +1 hat of see invisible (worn)
 K - the +0 chain mail of the Game of Kings {rF+}
   (Okawaru gifted it to you on level 2 of the Elven Halls)

   It protects you from fire.
 L - the +5 ring mail of Wuhua (worn) {rElec Str+6 Stlth+}
   (You found it on level 11 of the Dungeon)

   It affects your strength (+6).
   It insulates you from electricity.
   It makes you more stealthy.
 O - a +0 cloak of magic resistance
Jewellery
 l - the ring "Nejemul" {MR+ Int+2 Stlth+}
   (You found it in a Gauntlet)

   [ring of protection from magic]

   It affects your intelligence (+2).
   It affects your resistance to hostile enchantments.
   It makes you more stealthy.
 s - an uncursed amulet of faith
 w - an uncursed ring of see invisible
 G - a +5 ring of protection (right hand)
 I - an uncursed ring of resist corrosion
 P - a +4 amulet of reflection (around neck)
 S - a ring of ice (left hand)
Wands
 g - a wand of acid (9)
 h - a wand of polymorph (18)
 r - a wand of iceblast (10)
 y - a wand of paralysis (6)
 E - a wand of random effects (52)
 V - a wand of digging (9)
Scrolls
 i - 2 scrolls of fear
 j - 4 scrolls of noise
 k - 10 scrolls of remove curse
 m - a scroll of amnesia
 o - a scroll of torment {unknown}
 p - 3 scrolls of magic mapping
 J - 3 scrolls of identify
Potions
 d - 9 potions of might
 n - 8 potions of curing
 A - a potion of cancellation
 B - 3 potions of berserk rage
 C - 3 potions of agility
 H - 2 potions of haste
 T - 2 potions of heal wounds
Books
 q - a manual of Axes
Comestibles
 f - 49 rations


   Skills:
 + Level 15.8(15.3) Fighting
 + Level 18.0(17.5) Long Blades
 + Level 12.4(12.0) Armour
 + Level 11.6(11.1) Dodging
 + Level 5.9(5.5) Stealth
 + Level 20.8(20.3) Shields
 + Level 2.7(2.4) Invocations
 + Level 1.1(0.8) Evocations


You had 16 spell levels left.
You didn't know any spells.
Your spell library contained the following spells:

 Spells                   Type           Power        Failure   Level  Hunger
 Beastly Appendage        Tmut           #.....       47%         1    ##.....
 Confusing Touch          Hex            #.....       47%         1    ##.....
 Corona                   Hex            #......      47%         1    ##.....
 Sting                    Conj/Pois      #...         47%         1    ##.....
 Summon Small Mammal      Summ           #...         47%         1    ##.....
 Call Imp                 Summ           #.......     63%         2    ###....
 Corpse Rot               Necr           N/A          63%         2    ###....
 Ensorcelled Hibernation  Hex/Ice        #.....       63%         2    ###....
 Sticks to Snakes         Tmut           #.......     63%         2    ###....
 Sublimation of Blood     Necr           #.........   63%         2    ###....
 Call Canine Familiar     Summ           #.......     85%         3    ####...
 Confuse                  Hex            #.......     85%         3    ####...
 Conjure Flame            Conj/Fire      #.......     85%         3    ####...
 Dazzling Spray           Conj/Hex       #.....       85%         3    ####...
 Gell's Gravitas          Tloc           #.........   85%         3    ####...
 Portal Projectile        Hex/Tloc       #.....       85%         3    ####...
 Spider Form              Tmut/Pois      #.........   85%         3    ####...
 Static Discharge         Conj/Air       #.......     85%         3    ####...
 Summon Guardian Golem    Hex/Summ       #.......     85%         3    ####...
 Tukima's Dance           Hex            #.......     85%         3    ####...
 Cause Fear               Hex            #.........   99%         4    #####..
 Force Lance              Conj/Tloc      #.......     99%         4    #####..
 Ice Form                 Ice/Tmut       #.......     99%         4    #####..
 Petrify                  Tmut/Erth      #.......     99%         4    #####..
 Summon Ice Beast         Ice/Summ       #.......     99%         4    #####..
 Summon Lightning Spire   Summ/Air       #.......     99%         4    #####..
 Agony                    Necr           #.......     100%        5    ######.
 Blade Hands              Tmut           #.........   100%        5    ######.
 Bolt of Draining         Conj/Necr      #.........   100%        5    ######.
 Dispel Undead            Necr           #.......     100%        5    ######.
 Excruciating Wounds      Chrm/Necr      #.........   100%        5    ######.
 Lightning Bolt           Conj/Air       #.........   100%        5    ######.
 Metabolic Englaciation   Hex/Ice        #.........   100%        5    ######.
 Silence                  Hex/Air        #.........   100%        5    ######.
 Summon Mana Viper        Hex/Summ       #.......     100%        5    ######.
 Yara's Violent Unravell  Hex/Tmut       #.........   100%        5    ######.
 Bolt of Cold             Conj/Ice       #.........   100%        6    #######
 Conjure Ball Lightning   Conj/Air       #.........   100%        6    #######
 Deflect Missiles         Chrm/Air       #.........   100%        6    #######
 Dispersal                Tloc           #.........   100%        6    #######
 Freezing Cloud           Conj/Ice/Air   #.........   100%        6    #######
 Ozocubu's Refrigeration  Ice            #.........   100%        6    #######
 Simulacrum               Ice/Necr       #.........   100%        6    #######
 Controlled Blink         Tloc           N/A          100%        8    #######
 Discord                  Hex            #.........   100%        8    #######
 Disjunction              Tloc           #.........   100%        8    #######
 Tornado                  Air            #.........   100%        9    #######


Dungeon Overview and Level Annotations

Branches:
Dungeon (15/15)            Temple (1/1) D:6            Lair (6/6) D:8
 Shoals (0/4) Lair:3       Spider (3/4) Lair:2        Slime (0/5) Lair:6
    Orc (2/2) D:11            Elf (3/3) Orc:2        Vaults (0/5) D:14
 Depths (0/5) D:15         Bailey (visited)           IceCv (visited)
Volcano (visited)         Gauntlet (visited)

Altars:
Ashenzari
Cheibriados
Dithmenos
Elyvilon
Fedhas
Gozag
Hepliaklqana
Kikubaaqudgha
Makhleb
Nemelex Xobeh
Okawaru
Qazlal
Ru
Sif Muna
Trog
Uskayaw
Vehumet
Wu Jian
Xom
Yredelemnul
Zin
The Shining One
Beogh
Jiyva

Shops:
D:9 *   D:10 *   Orc:2 ??[}   Elf:1 *

Portals:
Pandemonium: Orc:2
Trove: D:14 (give 2 scrolls of acquirement)

Annotations:
D:11 4 runed translucent doors
Elf:2 3 runed translucent doors


Innate Abilities, Weirdness & Mutations

You reflexively headbutt those who attack you in melee.
You have a pair of horns on your head.
You can translocate small distances at will.
You have an increased reservoir of magic. (+10% MP)


Message History

An orange demon comes into view.
An orange demon is nearby!
An orange demon is nearby!
Found 8 atropa-tipped darts.
A red draconian comes into view. It is wielding a +0 trident.
The red draconian roars!
A neqoxec comes into view.
The red draconian breathes flames at you.
The searing blast hits you!!
* * * LOW HITPOINT WARNING * * *
The red draconian breathes flames at you.
The searing blast hits you!
* * * LOW HITPOINT WARNING * * *
The neqoxec shouts!
You see here 8 atropa-tipped darts.
Unknown command.
You slice the red draconian!!
The red draconian is heavily wounded.
You are engulfed in blazing flames.
You die...

... .#. #..
###.. ##... ## #
...#### #..#
#.#d#..3#3..#
#..@.#...#.###
####.#..#....
#...☼.##......
##.# ......#
.........#..#
..#.####.....# .
#....##.#.# #..
..#. ........#
.§.#...#.##.....


You could see a red draconian and a neqoxec.

Vanquished Creatures
  An Ice Fiend (IceCv)
  Asterion (Spider:3)
  An emperor scorpion (Spider:2)
  An orc warlord (Orc:2)
  2 stone giants
  An entropy weaver (Spider:2)
  A deep elf demonologist (Elf:2)
  Nessos (Lair:5)
  A minotaur (Gauntlet)
  A deep elf annihilator (Elf:2)
  A red draconian (Volcano)
  Snorg (Lair:6)
  An ettin (Orc:2)
  2 deep elf high priests
  A yaktaur captain (D:15)
  7 hydras
  Harold (D:7)
  Erica (Lair:1)
  3 catoblepae (Lair:6)
  13 dancing weapons
  5 death yaks (Lair:6)
  2 two-headed ogres
  7 centaur warriors
  2 tengu warriors
  A hell hog (Gauntlet)
  6 orc high priests (Orc:2)
  Nergalle (Lair:2)
  6 unseen horrors
  A wretched star (Gauntlet)
  A sixfirhy (Orc:2)
  4 deep elf archers
  A gelid demonspawn (Orc:2)
  4 orc knights (Orc:2)
  A torturous demonspawn (Orc:2)
  A wizard (D:14)
  32 deep elf magi
  A wolf spider zombie (D:14)
  13 wolf spiders
  7 orb spiders
  8 orc sorcerers
  A cyclops (D:13)
  3 manticores
  13 ugly things
  12 elephants
  6 black mambas
  6 centaur zombies
  2 torpor snails
  2 moths of wrath
  An orange demon (Orc:2)
  Joseph (D:8)
  An ice statue (IceCv)
  3 centaur skeletons
  4 rime drakes
  11 spiny frogs
  A minotaur zombie (Gauntlet)
  A golden dragon simulacrum (IceCv)
  13 demonic crawlers
  2 anaconda simulacra (IceCv)
  4 freezing wraiths (IceCv)
  11 komodo dragons
  5 ice devils (IceCv)
  A yaktaur (Volcano)
  A hellwing (Orc:2)
  3 merfolk
  6 trolls
  14 jumping spiders
  2 hornets
  2 wolf spider simulacra (IceCv)
  5 blink frogs (Lair:5)
  10 hippogriffs
  14 slime creatures
  4 centaur simulacra
  2 shadows
  A water elemental (Elf:1)
  A wraith (D:14)
  2 dire elephant simulacra (IceCv)
  6 wyverns
  2 vampires
  15 tarantellas
  43 redbacks
  3 fire bats (Gauntlet)
  65 yaks
  Eustachio (D:4)
  2 humans (D:9)
  2 fire elementals (Elf:1)
  4 basilisks
  2 hungry ghosts
  A neqoxec (Gauntlet)
  2 steam dragons
  8 vampire mosquitoes
  3 wargs
  A death yak simulacrum (IceCv)
  3 soldier ants
  3 harpy simulacra (IceCv)
  2 iron troll simulacra (IceCv)
  2 acid dragons
  11 water moccasins
  3 hydra simulacra (IceCv)
  A hell hound (Gauntlet)
  7 porcupines
  40 orc warriors
  An ice beast (D:8)
  2 black bears (D:8)
  3 sky beasts
  An eye of draining (D:15)
  2 necrophages
  4 phantoms
  3 wolves (Lair:5)
  10 ogres
  16 centaurs
  19 crocodiles
  5 big kobolds
  22 bullfrogs
  2 earth elementals (Elf:1)
  2 small abominations (Gauntlet)
  A wyvern skeleton (D:7)
  7 scorpions
  13 killer bees
  3 wights (D:11)
  2 electric eels
  2 howler monkeys
  6 crimson imps
  5 draconian simulacra (IceCv)
  A bullfrog zombie (D:4)
  A quasit (D:6)
  6 jellies
  8 hounds
  19 orc priests
  2 gnoll shamans
  2 bullfrog skeletons
  22 orc wizards
  9 worker ants
  An iguana (D:12)
  A polar bear simulacrum (IceCv)
  4 troll simulacra (IceCv)
  A wolf simulacrum (IceCv)
  3 hound zombies
  2 worker ant zombies
  17 adders
  8 gnolls
  A naga simulacrum (IceCv)
  An ogre simulacrum (IceCv)
  4 shadow imps
  2 white imps (IceCv)
  5 ufetubi (IceCv)
  An ooze (D:1)
  4 adder skeletons
  3 worms
  A dart slug (D:4)
  5 leopard geckos
  106 orcs
  3 bats
  10 giant cockroaches
  11 goblins
  10 hobgoblins
  11 jackals
  3 quokkas
  3 ball pythons
  A ball python zombie (D:5)
  9 frilled lizards
  A jackal skeleton (D:9)
  35 kobolds
  A quokka zombie (D:9)
  8 rats
  A bush (Lair:6)
  2 butterflies (Lair:1)
  3 fungi
  2 plants (Lair:1)
1034 creatures vanquished.

Vanquished Creatures (others)
  A yaktaur (Volcano)
  An air elemental (Elf:1)
  A redback (Spider:2)
  2 centaurs
  An orc priest (Orc:2)
  An orc (Orc:2)
  19 fungi
  13 plants
39 creatures vanquished.

Grand Total: 1073 creatures vanquished

Notes
Turn   | Place    | Note
-------+----------+-------------------------------------------
     0 | D:1      | Peloso the Minotaur Fighter began the quest for the Orb.
     0 | D:1      | Reached XP level 1. HP: 19/19 MP: 0/0
   113 | D:1      | Reached XP level 2. HP: 25/27 MP: 1/1
   114 | D:1      | Gained mutation: Your muscles are strong. (Str +2) [potion
                  | of mutation]
   114 | D:1      | Gained mutation: You evolve. [potion of mutation]
   114 | D:1      | Gained mutation: Your muscles are very strong. (Str +4)
                  | [potion of mutation]
   438 | D:1      | Reached skill level 4 in Shields
   491 | D:1      | Reached XP level 3. HP: 32/33 MP: 2/2
   939 | D:2      | Found a burning altar of Makhleb.
   965 | D:2      | Found a hide-covered altar of Uskayaw.
  1017 | D:2      | Reached XP level 4. HP: 36/40 MP: 3/3
  1284 | D:3      | Reached XP level 5. HP: 14/46 MP: 4/4
  1855 | D:3      | Reached skill level 5 in Armour
  1933 | D:3      | Gained mutation: You possess an exceptional clarity of
                  | mind. [evolution]
  2142 | D:3      | Reached skill level 5 in Shields
  2174 | D:3      | Found a radiant altar of Vehumet.
  2446 | D:4      | Noticed Eustachio
  2467 | D:4      | Killed Eustachio
  2467 | D:4      | Reached skill level 5 in Long Blades
  2467 | D:4      | Reached XP level 6. HP: 44/53 MP: 5/5
  2619 | D:4      | Reached skill level 1 in Dodging
  2619 | D:4      | Reached XP level 7. HP: 60/60 MP: 6/6
  2628 | D:4      | Found a stormy altar of Qazlal.
  2661 | D:4      | Reached skill level 6 in Shields
  2745 | D:4      | You fall into a shaft and drop 1 floor!
  2745 | D:5      | Entered Level 5 of the Dungeon
  2874 | D:5      | Noticed a hippogriff
  2882 | D:5      | Killed a hippogriff
  2882 | D:5      | Reached skill level 5 in Fighting
  2921 | D:5      | Gained mutation: You have an increased reservoir of magic.
                  | (+10% MP) [evolution]
  3163 | D:5      | Reached XP level 8. HP: 58/69 MP: 7/7
  3324 | D:5      | Found an ornate altar of the Wu Jian Council.
  4590 | D:6      | Reached skill level 7 in Shields
  5247 | D:6      | Reached skill level 8 in Shields
  5281 | D:6      | Found a staircase to the Ecumenical Temple.
  5312 | Temple   | Entered the Ecumenical Temple
  5525 | D:7      | Noticed Harold
  5537 | D:7      | Killed Harold
  5537 | D:7      | Reached XP level 9. HP: 56/75 MP: 8/8
  5544 | D:7      | Reached skill level 9 in Shields
  5921 | D:7      | Noticed a white ugly thing
  5931 | D:7      | Killed a white ugly thing
  5931 | D:7      | Reached skill level 10 in Long Blades
  6436 | D:8      | Found a staircase to the Lair.
  6497 | D:8      | Reached skill level 10 in Shields
  6657 | D:8      | Reached XP level 10. HP: 76/84 MP: 10/10
  6735 | D:8      | Identified Bipawnon's Papyrus of Destructive Bewitchment
  7384 | D:8      | Noticed Joseph
  7421 | D:8      | Killed Joseph
  7938 | D:9      | Found Enulytru's General Store.
  7987 | D:9      | Found an iron altar of Okawaru.
  7993 | D:9      | Became a worshipper of Warmaster Okawaru
  8149 | D:9      | Found a blossoming altar of Fedhas.
  8591 | D:10     | Entered Level 10 of the Dungeon
  8622 | D:10     | Killed an unseen horror
  8622 | D:10     | Reached skill level 11 in Shields
  8788 | D:10     | Reached * piety under Okawaru
  9030 | D:10     | Reached XP level 11. HP: 63/94 MP: 11/11
  9087 | D:10     | Got an iridescent long sword
  9088 | D:10     | Identified the +0 long sword of Evolution {drain, +Inv}
                  | (You found it on level 10 of the Dungeon)
  9131 | D:10     | Found Joyceom's Assorted Antiques.
  9505 | D:10     | Reached ** piety under Okawaru
  9791 | D:11     | Found a large runed translucent door.
  9798 | D:11     | Found a large runed translucent door.
  9814 | D:11     | Found a large runed translucent door.
  9814 | D:11     | Found a large runed translucent door.
  9929 | D:11     | Noticed a tengu warrior
  9951 | D:11     | Killed a tengu warrior
  9951 | D:11     | Reached skill level 10 in Armour
  9988 | D:11     | Noticed an unseen horror
  9997 | D:11     | Killed an unseen horror
  9997 | D:11     | Reached *** piety under Okawaru
  9997 | D:11     | Reached skill level 12 in Shields
 10018 | D:11     | Noticed an unseen horror
 10035 | D:11     | Killed an unseen horror
 10071 | D:11     | Noticed a centaur warrior
 10082 | D:11     | Killed a centaur warrior
 10139 | D:11     | Found a staircase to the Orcish Mines.
 10454 | D:11     | Reached **** piety under Okawaru
 10637 | D:11     | Got a steaming ring mail
 10648 | D:11     | Identified the +5 ring mail of Wuhua {rElec Str+6 Stlth+}
                  | (You found it on level 11 of the Dungeon)
 10723 | D:11     | Got a translucent quarterstaff
 10724 | D:11     | Identified the cursed +2 quarterstaff of Circularity
                  | {venom, Dex+3} (You found it on level 11 of the Dungeon)
 11006 | D:12     | Reached skill level 13 in Shields
 11027 | D:12     | You fall into a shaft and drop 3 floors!
 11027 | D:15     | Entered Level 15 of the Dungeon
 11073 | D:15     | Reached XP level 12. HP: 53/104 MP: 12/12
 11136 | D:14     | Noticed a centaur warrior
 11160 | D:14     | Reached ***** piety under Okawaru
 11263 | D:14     | Reached skill level 1 in Stealth
 11272 | D:14     | Found a gate leading to a gauntlet.
 11282 | Gauntlet | Entered a Gauntlet
 11282 | Gauntlet | Found a transporter.
 11282 | Gauntlet | Found a transporter.
 11288 | Gauntlet | Found a transporter.
 11298 | Gauntlet | Found a transporter.
 11305 | Gauntlet | Found a transporter.
 11305 | Gauntlet | Found a transporter.
 11306 | Gauntlet | Found a transporter.
 11313 | Gauntlet | Found a transporter.
 11314 | Gauntlet | Found a transporter.
 11441 | Gauntlet | Found a transporter.
 11441 | Gauntlet | Found a transporter.
 11496 | Gauntlet | Found a transporter.
 11497 | Gauntlet | Noticed a hell hog
 11666 | Gauntlet | Gained mutation: You are clumsy. (Dex -2) [a neqoxec]
 11693 | Gauntlet | Got a flickering pewter ring
 11711 | Gauntlet | Killed a hell hog
 11732 | Gauntlet | Identified the ring "Nejemul" {MR+ Int+2 Stlth+} (You found
                  | it in a Gauntlet)
 11748 | Gauntlet | Identified the +1 plate armour of Veydogay {Str+3}
 11748 | Gauntlet | Noticed a minotaur
 11771 | Gauntlet | Killed a minotaur
 11771 | Gauntlet | Reached skill level 1 in Invocations
 12031 | D:14     | Killed a centaur warrior
 12031 | D:14     | Reached skill level 5 in Dodging
 12061 | D:14     | Found a portal to a secret trove of treasure.
 12166 | D:14     | Found a gate to the Vaults.
 12230 | D:14     | Noticed a seven-headed hydra
 12384 | D:12     | Received a gift from Okawaru
 12384 | D:12     | Reached skill level 14 in Shields
 12444 | D:12     | Lost mutation: You have an increased reservoir of magic.
                  | (+10% MP) [evolution]
 12671 | D:12     | Reached skill level 10 in Fighting
 13652 | D:13     | Noticed a two-headed ogre
 13669 | D:13     | Killed a two-headed ogre
 13991 | Lair:1   | Entered Level 1 of the Lair of Beasts
 14000 | Lair:1   | Reached XP level 13. HP: 112/114 MP: 13/13
 14212 | Lair:1   | Noticed Erica
 14223 | Lair:1   | Killed Erica
 15237 | D:10     | Bought a warped hand crossbow for 221 gold pieces
 15237 | D:10     | Identified the +3 hand crossbow "Gaafruo" {freeze, Str+3
                  | Dex+3} (You bought it in a shop on level 10 of the Dungeon)
 15445 | D:13     | Lost mutation: Your muscles are very strong. (Str +4)
                  | [evolution]
 16034 | D:14     | Reached skill level 15 in Shields
 16347 | D:15     | Reached ****** piety under Okawaru
 16792 | D:15     | Received a gift from Okawaru
 16804 | D:15     | Reached skill level 15 in Long Blades
 16825 | D:15     | Got a fine double sword {god gift}
 16826 | D:15     | Identified the +6 double sword "Puizeunn" {slice, rElec
                  | Str+5 Int+3} (Okawaru gifted it to you on level 15 of the
                  | Dungeon)
 16829 | D:15     | Lost mutation: Your muscles are strong. (Str +2) [potion of
                  | mutation]
 16829 | D:15     | Lost mutation: You possess an exceptional clarity of mind.
                  | [potion of mutation]
 16829 | D:15     | Lost mutation: You evolve. [potion of mutation]
 16829 | D:15     | Lost mutation: You are clumsy. (Dex -2) [potion of
                  | mutation]
 16829 | D:15     | Gained mutation: Scrolls take you a little longer to read.
                  | [potion of mutation]
 16829 | D:15     | Gained mutation: Your mind is acute. (Int +2) [potion of
                  | mutation]
 17024 | Lair:1   | Lost mutation: Scrolls take you a little longer to read.
                  | [potion of mutation]
 17024 | Lair:1   | Lost mutation: Your mind is acute. (Int +2) [potion of
                  | mutation]
 17024 | Lair:1   | Gained mutation: You can translocate small distances at
                  | will. [potion of mutation]
 17024 | Lair:1   | Gained mutation: You have an increased reservoir of magic.
                  | (+10% MP) [potion of mutation]
 17065 | Lair:2   | Found a hole to the Spider Nest.
 17066 | Lair:2   | Reached skill level 16 in Shields
 17258 | Lair:2   | Noticed Nergalle
 17264 | Lair:2   | Killed Nergalle
 17264 | Lair:2   | Reached XP level 14. HP: 126/126 MP: 16/16
 17583 | Lair:2   | Got a warped marble ring
 18004 | Lair:2   | Identified the ring of the Foremost Seas {Int+4 Slay+1}
                  | (You found it on level 2 of the Lair of Beasts)
 18362 | Lair:3   | Received a gift from Okawaru
 18606 | Lair:3   | Found a staircase to the Shoals.
 18965 | Lair:4   | Found a dark tunnel.
 19008 | Volcano  | Entered a volcano
 20401 | Lair:5   | Noticed Nessos
 20412 | Lair:5   | Killed Nessos
 20412 | Lair:5   | Reached skill level 17 in Shields
 20818 | Lair:6   | Entered Level 6 of the Lair of Beasts
 20818 | Lair:6   | Found a viscous altar of Jiyva.
 20818 | Lair:6   | Found a staircase to the Slime Pits.
 20857 | Lair:6   | Received a gift from Okawaru
 20907 | Lair:6   | Noticed Snorg
 20916 | Lair:6   | Killed Snorg
 20964 | Lair:6   | Reached XP level 15. HP: 41/136 MP: 17/17
 21480 | Lair:6   | Received a gift from Okawaru
 23261 | Lair:6   | Found a sacrificial altar of Ru.
 24694 | D:15     | Found a staircase to the Depths.
 24745 | D:15     | Reached skill level 18 in Shields
 24986 | Orc:1    | Entered Level 1 of the Orcish Mines
 25087 | Orc:1    | Found a flagged portal.
 25105 | Bailey   | Entered a bailey
 26241 | Orc:2    | Entered Level 2 of the Orcish Mines
 26318 | Orc:2    | Reached skill level 10 in Dodging
 26442 | Orc:2    | Found a roughly hewn altar of Beogh.
 26446 | Orc:2    | Noticed an orc warlord
 26449 | Orc:2    | Found a staircase to the Elven Halls.
 26465 | Orc:2    | Killed an orc warlord
 26465 | Orc:2    | Received a gift from Okawaru
 26487 | Orc:2    | Got an ichor-stained scimitar {god gift}
 26488 | Orc:2    | Identified the +7 scimitar "Goblinslayer" {slice, rC+
                  | Dex+3} (Okawaru gifted it to you on level 2 of the Orcish
                  | Mines)
 26563 | Orc:2    | Found Dyacules's Magic Scroll Shoppe.
 26657 | Orc:2    | Found Ucahud's Magic Scroll Emporium.
 26988 | Orc:2    | Bought a scroll of magic mapping for 49 gold pieces
 26988 | Orc:2    | Bought a scroll of magic mapping for 49 gold pieces
 27059 | Orc:2    | Paralysed by an orc sorcerer for 5 turns
 27082 | Orc:2    | HP: 6/139 [orc priest/divine providence (12)]
 27104 | Orc:2    | Paralysed by an orc sorcerer for 7 turns
 27575 | Orc:2    | Reached skill level 19 in Shields
 28249 | Orc:2    | Found Ulocuiwk's Antique Armour Boutique.
 28249 | Orc:2    | Found a one-way gate leading to the halls of Pandemonium.
 28249 | Orc:2    | Found Escho Gog's Gadget Shop.
 28596 | Spider:1 | Entered Level 1 of the Spider Nest
 28618 | Spider:1 | Reached XP level 16. HP: 147/147 MP: 18/18
 29327 | Spider:2 | Received a gift from Okawaru
 29347 | Spider:2 | Got a blackened ring mail {god gift}
 29348 | Spider:2 | Identified the +2 ring mail of Integrity {rF+ Int+4}
                  | (Okawaru gifted it to you on level 2 of the Spider Nest)
 29428 | Spider:2 | Reached skill level 1 in Evocations
 29540 | Spider:2 | Reached skill level 15 in Fighting
 31370 | Spider:3 | Got an ancient shield
 31376 | Spider:3 | Identified the +9 shield of Indemnity {*Corrode rN+ MP+9
                  | Stlth+} (You found it on level 3 of the Spider Nest)
 31433 | Spider:3 | Got a dazzling ring mail
 31434 | Spider:3 | Identified the cursed +0 ring mail of Huaril {MR++ Dex-3}
                  | (You found it on level 3 of the Spider Nest)
 31512 | Spider:3 | Noticed Asterion
 31531 | Spider:3 | Killed Asterion
 31531 | Spider:3 | Reached skill level 20 in Shields
 31614 | Spider:3 | Reached skill level 5 in Stealth
 32527 | Elf:1    | Entered Level 1 of the Elven Halls
 32573 | Elf:1    | Found Ruoh's Assorted Antiques.
 32580 | Elf:1    | Bought a scroll of identify for 62 gold pieces
 32673 | Elf:1    | Received a gift from Okawaru
 33789 | Elf:2    | Received a gift from Okawaru
 33834 | Elf:2    | Found a frozen archway.
 33843 | IceCv    | Entered an ice cave
 33887 | IceCv    | Reached XP level 17. HP: 148/156 MP: 19/19
 34277 | IceCv    | Noticed an Ice Fiend
 34593 | IceCv    | Killed an Ice Fiend
 34924 | IceCv    | Got an ancient battleaxe
 35142 | Elf:2    | Found a runed translucent gate.
 35142 | Elf:2    | Found a runed translucent gate.
 35143 | Elf:2    | Found a runed translucent gate.
 35296 | Elf:2    | Received a gift from Okawaru
 35299 | Elf:2    | Got a slimy chain mail {god gift}
 35310 | Elf:2    | Identified the +0 chain mail of the Game of Kings {rF+}
                  | (Okawaru gifted it to you on level 2 of the Elven Halls)
 35464 | Elf:3    | Entered Level 3 of the Elven Halls
 35464 | Elf:3    | Noticed a deep elf blademaster
 35468 | Elf:3    | Noticed a deep elf master archer
 35468 | Elf:3    | Noticed a deep elf blademaster
 35468 | Elf:3    | Noticed a deep elf master archer
 35474 | Elf:3    | Cast into level 2 of the Abyss (a deep elf demonologist)
 35545 | Abyss:2  | HP: 7/158 [red draconian/searing blast (11)]
 35546 | Abyss:2  | Engulfed by a red draconian's flame

Levels and vault maps discovered:
D:1:      dpeg_arrival_houses_and_road, layout_basic, minmay_close_crescents
D:2:      layout_rooms, eat_drink_and_be_merry_uskayaw, bloody_makhleb
D:3:      layout_basic, nicolae_overflow_crystal_walls, first_ration
D:4:      layout_cave_pods, kennysheep_mini, uniq_eustachio
D:5:      layout_rooms, lemuel_doored_altar, chequers_big_river
D:6:      layout_loops_ring, temple_statues, hex_tiny
D:7:      layout_cave_pods, uniq_harold
D:8:      layout_basic, due_lair_maze_entry_diamond, uniq_joseph
D:9:      layout_long_grid, fedhas_bush_and_centaur_altar, okawaru_humans,
          serial_shops, shop
D:10:     layout_basic, serial_shops, nicolae_shop_statue_plus
D:11:     layout_cave_pods, orc_0_dummy, hangedman_fish_farm,
          minmay_hollow_rounded_squares
D:12:     layout_loops_ring
D:13:     layout_stronghold
D:14:     layout_rooms, david_vaults_1, nicolae_trove_entry_columns,
          gauntlet_entry_generic, chequers_serial_rivers_marsh
D:15:     hangedman_depths_entry_civil_slaughter, layout_loops_corners,
          kennysheep_doodads
Temple:   kb_temple_of_zot
Lair:1:   layout_regular_city, lemuel_fruit_tree, infiniplex_staircase_pool_2,
          lemuel_fruit_fields, uniq_erica
Lair:2:   layout_cave_pods, spider_nest_entry_rubble, uniq_nergalle
Lair:3:   layout_hall_layers, elwin_shoals_entry_rooms, grunt_megastairs_4
Lair:4:   layout_small_grid, nicolae_volcano_entry_lava_flow
Lair:5:   layout_regular_city, uniq_nessos
Lair:6:   evilmike_catoblepas_cave, layout_misc_corridors, slime_altar_1,
          basic_altar, grunt_megastairs_3, serial_bayou_shore_a, uniq_snorg
Spider:1: layout_spider_delve, nicolae_spider_webbed_stairs
Spider:2: layout_spider_delve, nicolae_orb_island
Spider:3: layout_chambers, drop_trap, uniq_asterion
Orc:1:    layout_diamond_mine, enter_bailey_4
Orc:2:    pf_orc_diabolical, layout_diamond_mine, basic_altar
Elf:1:    layout_geoelf_diagonals, serial_shops, shop, minivault_28
Elf:2:    layout_geoelf_grid, portal_ice_cave_entry_pillars_three,
          hangedman_elf_represent, uniq_jorgrun
Elf:3:    elf_hall, layout_geoelf_diagonals, minmay_shoptagon
Abyss:2:  base: Lair:2, hangedman_classic_abyss_death

Skill      XL: |  1  2  3  4  5  6  7  8  9 10 11 12 13 14 15 16 17 |
---------------+----------------------------------------------------+-----
Armour         | 4 5 7 9 10 11 12 | 12.4
Shields        | 4 5 6 8 10 11 13 14 16 17 19 20 | 20.8
Fighting       | 4 5 6 8 9 10 12 13 14 15 | 15.8
Long Blades    | 3 4 5 7 9 10 12 13 14 15 16 17 18 | 18.0
Dodging        | 1 3 6 7 8 10 11 | 11.6
Stealth        | 2 3 4 5 |  5.9
Invocations    | 2 |  2.7
Evocations     | 1 |  1.1

Action                   |  1- 3 |  4- 6 |  7- 9 | 10-12 | 13-15 | 16-18 || total
-------------------------+-------+-------+-------+-------+-------+-------++-------
Melee: Long sword        |    74 |   145 |   343 |   874 |    16 |       ||  1452
       Headbutt          |    10 |    23 |    83 |   261 |   392 |   173 ||   942
       Scimitar          |       |       |       |       |   644 |       ||   644
       Double sword      |       |       |       |       |   593 |   568 ||  1161
Invok: Heroism           |       |       |       |     6 |     5 |     2 ||    13
       Finesse           |       |       |       |     2 |       |       ||     2
Evoke: Wand              |       |       |       |       |     9 |     2 ||    11
  Use: Potion            |     1 |     6 |     3 |     3 |     4 |     3 ||    20
       Scroll            |       |       |       |    17 |    19 |    12 ||    48
 Stab: Distracted        |       |       |       |     1 |     2 |     2 ||     5
       Sleeping          |       |       |       |     6 |     8 |    14 ||    28
       Petrifying        |       |       |       |       |     1 |       ||     1
  Eat: Chunk             |       |     5 |    10 |    17 |    28 |    11 ||    71
       Ration            |       |       |     1 |     3 |     6 |     3 ||    13
Armor: Scale mail        |     3 |       |       |       |       |       ||     3
       Chain mail        |    29 |   113 |    95 |       |       |       ||   237
       Plate armour      |       |       |   101 |   210 |       |       ||   311
       Ring mail         |       |       |       |   103 |   360 |    99 ||   562
Dodge: Dodged            |    19 |    53 |    82 |   187 |   465 |   164 ||   970
Block: Shield            |    43 |   108 |   201 |   527 |  1262 |   583 ||  2724
       Reflection        |       |       |       |       |    29 |    15 ||    44
       Rpst.: Long sword |     3 |    10 |    27 |    52 |       |       ||    92
       Scimitar          |       |       |       |       |    67 |       ||    67
       Double sword      |       |       |       |       |    38 |    34 ||    72
